 Dungeon Crawl Stone Soup version 0.19.5 (webtiles) character file.

146 GEC the Digger (level 5, -4/35 HPs)
             Began as a Human Earth Elementalist on Apr 14, 2017.
             Was a Follower of Uskayaw.
             Slain by Sigmund
             ... wielding a +0 scythe
              (15 damage)
             ... on level 3 of the Dungeon.
             The game lasted 00:15:42 (2434 turns).

GEC the Digger (Human Earth Elementalist)           Turns: 2434, Time: 00:15:43

Health: -4/35      AC:  3    Str: 13    XL:     5   Next: 53%
Magic:  1/10       EV: 12    Int: 16    God:    Uskayaw [*.....]
Gold:   99         SH:  4    Dex: 13    Spells: 2 memorised, 8 levels left

rFire  . . .     SeeInvis .     a - +0 whip
rCold  . . .     Gourm    .     c - +0 robe
rNeg   . . .     Faith    .     (no shield)
rPois  .         Spirit   .     p - +0 helmet
rElec  .         Reflect  +     (no cloak)
rCorr  .         Harm     .     (no gloves)
MR     .....                    (no boots)
Stlth  ++........               i - +4 amulet of reflection
                                (no ring)
                                h - +4 ring of strength

@: no status effects
A: no striking features
a: Stomp, Renounce Religion


You were on level 3 of the Dungeon.
You worshipped Uskayaw.
Uskayaw was noncommittal.
You were hungry.

You visited 1 branch of the dungeon, and saw 3 of its levels.

You collected 99 gold pieces.

Inventory:

Hand Weapons
 a - a +0 whip (weapon)
Missiles
 b - 27 stones (quivered)
Armour
 c - a +0 robe (worn)
 g - a +0 leather armour
 n - a +0 buckler
 p - a +0 helmet (worn)
Jewellery
 h - a +4 ring of strength (left hand)
 i - a +4 amulet of reflection (around neck)
Scrolls
 j - a scroll of amnesia
 r - a scroll of teleportation
Potions
 m - a potion of brilliance {unknown}
Books
 e - a book of Geomancy

   Spells                             Type                      Level
   a - Sandblast                      Earth                        1
   b - Passwall                       Transmutation/Earth          2
   c - Stone Arrow                    Conjuration/Earth            3
   d - Petrify                        Transmutation/Earth          4
   e - Lee's Rapid Deconstruction     Earth                        5
Comestibles
 d - 4 bread rations
 f - a meat ration
 k - a beef jerky
 q - 2 chunks of flesh


   Skills:
 + Level 0.2 Fighting
 + Level 0.4 Maces & Flails
 + Level 2.2 Dodging
 + Level 2.1 Stealth
 * Level 3.8 Spellcasting
 + Level 1.0 Transmutations
 + Level 4.1 Earth Magic


You had 8 spell levels left.
You knew the following spells:

 Your Spells              Type           Power        Failure   Level  Hunger
a - Sandblast             Erth           ###...       3%          1    None
b - Passwall              Tmut/Erth      ##........   10%         2    ##.....


Dungeon Overview and Level Annotations

Branches:
Dungeon (3/15)

Altars:
Uskayaw

Annotations:
D:3 Robin, Sigmund


Message History

You hit Robin but do no damage.
Robin is heavily wounded.
Sigmund barely misses you. Robin barely misses you.
The goblin hits you but does no damage.
You hit Robin.
Robin is heavily wounded.
Sigmund hits you from afar with a scythe.
The goblin misses you. You block Robin's attack.
You hit Robin.
Robin is severely wounded.
The goblin misses you. Robin hits you with a mace.
Sigmund hits you from afar with a scythe!
* * * LOW HITPOINT WARNING * * *
You feel better. The goblin closely misses you.
Robin says, "Kneel, worm!"
Robin roars a battlecry!
The goblins go into a battle-frenzy!
It was a potion of cancellation.
You feel magically purged.
Sigmund hits you from afar with a scythe!
You die...

##.# #....)†...# ... ..
#.......#.# #.. ###
#.......#.# #..
#.......#.# #..
#.##.##.#.# #..
#..#.##.#.####..
##...##.#.#.....
#.#########)........##..
.....@g@ggg)......####..
......######..#.#.# ###
..... ##...#.# # ####
#####.# # ### # ######
...... ###### #


You could see Sigmund, Robin and 3 goblins.

Vanquished Creatures
  An orc wizard (D:3)
  An adder (D:3)
  4 oozes
  3 worms
  2 dart slugs
  2 leopard geckos
  3 orcs
  2 ball pythons (D:2)
  A giant cockroach (D:3)
  16 goblins
  10 hobgoblins
  2 jackals (D:1)
  5 kobolds
  2 quokkas (D:2)
  3 bats
  A frilled lizard (D:3)
  11 rats
69 creatures vanquished.

Notes
Turn   | Place    | Note
-------+----------+-------------------------------------------
     0 | D:1      | GEC the Human Earth Elementalist began the quest for the Orb.
     0 | D:1      | Reached XP level 1. HP: 13/13 MP: 3/3
   110 | D:1      | Reached XP level 2. HP: 6/19 MP: 0/5
   352 | D:1      | Learned a level 2 spell: Passwall
   493 | D:1      | Reached XP level 3. HP: 22/24 MP: 2/6
  1316 | D:2      | Reached XP level 4. HP: 30/30 MP: 0/8
  1811 | D:3      | Found a faded altar of an unknown god.
  1846 | D:3      | Became a worshipper of Uskayaw the Reveler
  1846 | D:3      | Reached * piety under Uskayaw
  1862 | D:3      | Reached ** piety under Uskayaw
  1867 | D:3      | Reached XP level 5. HP: 26/35 MP: 0/10
  1867 | D:3      | Reached *** piety under Uskayaw
  2118 | D:3      | Reached skill level 4 in Earth Magic
  2406 | D:3      | Noticed Robin
  2425 | D:3      | Noticed Sigmund
  2432 | D:3      | HP: 1/35 [Sigmund/scythe (11)]
  2434 | D:3      | Slain by Sigmund

Skill      XL: |  1  2  3  4  5 |
---------------+----------------+-----
Spellcasting   | 3 |  3.8
Earth Magic    | 4 |  4.1
Fighting       | |  0.2
Maces & Flails | |  0.4
Dodging        | |  2.2
Stealth        | |  2.1
Transmutations | |  1.0

Action                   |  1- 3 |  4- 6 || total
-------------------------+-------+-------++-------
Melee: Whip              |    27 |    18 ||    45
Throw: Stone             |     1 |     4 ||     5
 Cast: Sandblast         |    58 |    63 ||   121
       Passwall          |     1 |       ||     1
Invok: Stomp             |       |     1 ||     1
       Line Pass         |       |     1 ||     1
  Use: Scroll            |     3 |     1 ||     4
       Potion            |     2 |     2 ||     4
 Stab: Paralysed         |       |     1 ||     1
  Eat: Chunk             |     2 |     3 ||     5
Armor: Robe              |    12 |    14 ||    26
Dodge: Dodged            |    25 |    57 ||    82
Block: Other             |       |     1 ||     1
